 Dungeon Crawl Stone Soup version 0.21.1-1-g345015fe64 (webtiles) character file.

79 Peloso the Shield-Bearer (level 4, 0/40 HPs)
             Began as a Minotaur Fighter on July 14, 2018.
             Killed by nerve-wracking pain
             ... invoked by Grinder
              (9 damage)
             ... on level 3 of the Dungeon.
             The game lasted 00:05:11 (1544 turns).

Peloso the Shield-Bearer (Minotaur Fighter)         Turns: 1544, Time: 00:05:12

Health: 0/40       AC: 11    Str: 17 (20) XL:     4   Next: 16%
Magic:  3/3        EV:  3    Int:  3 (5)  God:
Gold:   77         SH:  9    Dex:  8 (11) Spells: 3/3 levels left

rFire    . . .     SeeInvis .   a - +0 long sword
rCold    + . .     Gourm    .   c - +0 shield
rNeg     . . .     Faith    .   b - +0 plate armour
rPois    .         Spirit   .   (helmet restricted)
rElec    .         Reflect  .   l - scarf {cloud immunity}
rCorr    .         Harm     .   (no gloves)
MR       .....     Clarity  +   (no boots)
Stlth    ..........             (no amulet)
HPRegen  0.13/turn              (no ring)
MPRegen  0.08/turn              (no ring)

@: no status effects
A: retaliatory headbutt, horns 2, blurry vision 1, clarity, cold resistance 1,
evolution 1
a: no special abilities


You were on level 3 of the Dungeon.
You were very hungry.

You visited 1 branch of the dungeon, and saw 3 of its levels.

You collected 77 gold pieces.

Inventory:

Hand Weapons
 a - a +0 long sword (weapon)
Armour
 b - a +0 plate armour (worn)
 c - a +0 shield (worn)
 l - a scarf of cloud immunity (worn)
Scrolls
 g - a scroll of amnesia {unknown}
 h - 3 scrolls of identify {unknown}
Potions
 d - 2 potions of might
Comestibles
 f - 4 rations


   Skills:
 + Level 4.0 Fighting
 + Level 3.5 Long Blades
 + Level 4.2 Armour
 + Level 0.2 Dodging
 + Level 4.7 Shields


You had 3 spell levels left.
You didn't know any spells.

Dungeon Overview and Level Annotations

Branches:
Dungeon (3/15)

Altars:

Annotations:
D:3 Grinder


Innate Abilities, Weirdness & Mutations

You reflexively headbutt those who attack you in melee.
You have a pair of horns on your head.
Scrolls take you a little longer to read.
You possess an exceptional clarity of mind.
Your flesh is cold resistant. (rC+)
You evolve.


Message History

An adder comes into view.
The adder hisses angrily.
You hit Grinder. You headbutt Grinder.
Grinder is almost dead.
Grinder says, "Just stop there for a second..."
You block Grinder's attack.
You hit Grinder.
Grinder is almost dead.
Grinder hits you but does no damage.
Grinder blinks!
Grinder gestures at you.
You suddenly lose the ability to move!
The adder completely misses you.
You recover from your berserk rage.
The adder bites you but does no damage.
You can move again.
You hear a zap.
You hear a grinding noise.
The adder bites you but does no damage. Grinder gestures at you.
Pain shoots through your body!
You die...

#####.#..##..####......
#>.....................
#.#.#..................
#.#.#.#..##.#.###..###.
#......................
#.#................###.
#...#.#..##.#.###..# #.
##.....#S.##.#.# #..#
#. .....5..@........
..# #.
#####..#.#..##.#.#
#..#.#..# ... ........#
.# #..#.#..# #
.....#..# #. #.#..# #.
#. ..#


You could see Grinder and an adder.

Vanquished Creatures
  3 gnolls
  An ooze (D:1)
  A worm (D:2)
  A dart slug (D:2)
  4 leopard geckos (D:1)
  A bat (D:2)
  3 giant cockroaches
  5 goblins (D:1)
  7 hobgoblins
  3 frilled lizards
  2 kobolds
  5 rats
36 creatures vanquished.

Notes
Turn   | Place    | Note
-------+----------+-------------------------------------------
     0 | D:1      | Peloso the Minotaur Fighter began the quest for the Orb.
     0 | D:1      | Reached XP level 1. HP: 19/19 MP: 0/0
     6 | D:1      | Noticed a black bear
     6 | D:1      | Noticed a crocodile
     7 | D:1      | Noticed a swamp drake
     7 | D:1      | Noticed a lindwurm
    78 | D:1      | Reached XP level 2. HP: 25/27 MP: 1/1
   339 | D:1      | Reached XP level 3. HP: 29/33 MP: 2/2
  1039 | D:2      | Reached XP level 4. HP: 34/40 MP: 3/3
  1485 | D:3      | Noticed Grinder
  1485 | D:3      | Paralysed by Grinder for 5 turns
  1505 | D:3      | Gained mutation: You evolve. [potion of mutation]
  1505 | D:3      | Gained mutation: Scrolls take you a little longer to read. [potion of mutation]
  1505 | D:3      | Gained mutation: You possess an exceptional clarity of mind. [potion of mutation]
  1505 | D:3      | Gained mutation: Your flesh is cold resistant. (rC+) [potion of mutation]
  1509 | D:3      | Paralysed by Grinder for 3 turns
  1517 | D:3      | Paralysed by Grinder for 5 turns
  1538 | D:3      | Paralysed by Grinder for 3 turns
  1544 | D:3      | Killed from afar by Grinder

Skill      XL: |  1  2  3 |
---------------+----------+-----
Armour         | 4 |  4.2
Shields        | 4 |  4.7
Fighting       | 4 |  4.0
Long Blades    | 3 |  3.5
Dodging        | |  0.2

Action                   |  1- 3 |  4- 6 || total
-------------------------+-------+-------++-------
Melee: Long sword        |    92 |    34 ||   126
       Headbutt          |    16 |     4 ||    20
  Use: Potion            |       |     4 ||     4
  Eat: Chunk             |     1 |       ||     1
Armor: Scale mail        |    10 |       ||    10
       Plate armour      |    60 |    23 ||    83
       Skin              |       |     3 ||     3
Dodge: Dodged            |    18 |     7 ||    25
Block: Shield            |    52 |    16 ||    68
       Rpst.: Long sword |     6 |     2 ||     8
